 Dungeon Crawl Stone Soup version 0.17-a0-1805-g6093636 (webtiles) character file.

23 Gallahalt the Shooter (level 2, 0/24 HPs)
             Began as a Centaur Hunter on Sept 12, 2015.
             Slain by a worm (9 damage)
             ... on level 2 of the Dungeon.
             The game lasted 00:13:13 (1409 turns).

Gallahalt the Shooter (Centaur Hunter)              Turns: 1409, Time: 00:13:13

Health: 0/24       AC:  4    Str: 10 (14) XL:     2   Next: 75%
Magic:  2/2        EV:  9    Int: 10      God:
Gold:   49         SH:  0    Dex:  9      Spells: 0 memorised, 1 level left

rFire  . . .     SeeInvis .     a - +1 shortbow
rCold  . . .     Clarity  .     d - +0 leather armour
rNeg   . . .     SustAt   .     (no shield)
rPois  .         Gourm    .     (no helmet)
rElec  .         Spirit   .     (no cloak)
rCorr  .         Warding  .     (no gloves)
rMut   .         Stasis   .     (no barding)
MR     .....                    (no amulet)
Stlth  +.........               (no ring)
                                (no ring)

@: very quick, not resistant to hostile enchantments, very unstealthy
A: hooves 3, deformed body, speed 2, tough skin 3
a: no special abilities


You were on level 2 of the Dungeon.
You were not hungry.

You visited 1 branch of the dungeon, and saw 2 of its levels.

You collected 49 gold pieces.

Inventory:

Hand weapons
 a - a +1 shortbow (weapon)
 c - a +0 short sword
 i - a +0 whip
Missiles
 b - 6 arrows (quivered)
 n - 13 stones
Armour
 d - a +0 leather armour (worn)
Scrolls
 f - a scroll of identify
 k - 2 scrolls of remove curse {unknown}
 l - a scroll of teleportation {unknown}
 m - a scroll of blinking
Potions
 p - a potion of haste
Comestibles
 e - a bread ration
 g - a meat ration
 o - a chunk of flesh


   Skills:
 + Level 2.0 Fighting
 + Level 6.2 Bows
 + Level 0.2 Armour
 + Level 1.5 Dodging
 + Level 0.5 Stealth


You had one spell level left.
You didn't know any spells.

Dungeon Overview and Level Annotations

Branches:
Dungeon (2/15)

Altars:
Vehumet
The Shining One


Innate Abilities, Weirdness & Mutations

You have hooves in place of feet.
Armour fits poorly on your strangely shaped body.
You cover ground very quickly.
You have extremely tough skin (AC +3).


Message History

Firing (i - inventory. (,) - cycle):
b - 10 arrows (quivered)
Press: ? - help, Shift-Dir - straight line, f/p - worm
Aim: a worm (moderately wounded)
You shoot an arrow. The arrow completely misses the worm.
The worm bites you!
Firing (i - inventory. (,) - cycle):
b - 9 arrows (quivered)
Press: ? - help, Shift-Dir - straight line, f/p - worm
Aim: a worm (moderately wounded)
You shoot an arrow. The arrow hits the worm!
The worm is severely wounded.
The worm bites you!
Firing (i - inventory. (,) - cycle):
b - 8 arrows (quivered)
Press: ? - help, Shift-Dir - straight line, f/p - worm
Aim: a worm (heavily wounded)
You shoot an arrow. The arrow hits the worm.
The worm is severely wounded.
Firing (i - inventory. (,) - cycle):
b - 7 arrows (quivered)
Press: ? - help, Shift-Dir - straight line, f/p - worm
Aim: a worm (severely wounded)
You shoot an arrow. The arrow completely misses the worm.
The worm bites you!
You die...

.######
.............#.#
.........#...#.#
.............#.#
......#.#....#.##
............ <..
.####.# #..# #.#
## .# .#
#..###.####...#
.# #(.....w@....#
#.####.#####.#
##### #.# #...
......#.########
..............#
#######.#####.#
...#.....#
###.#.##### #.#.#


You could see a worm.

Vanquished Creatures
  A giant gecko (D:1)
  7 bats
  A giant cockroach (D:1)
  5 hobgoblins
  2 jackals (D:1)
  A goblin (D:1)
  A kobold (D:1)
  2 rats
20 creatures vanquished.

Notes
Turn   | Place    | Note
--------------------------------------------------------------
     0 | D:1      | Gallahalt the Centaur Hunter began the quest for the Orb.
     0 | D:1      | Reached XP level 1. HP: 17/17 MP: 1/1
   289 | D:1      | Found a glowing golden altar of the Shining One.
   365 | D:1      | Reached XP level 2. HP: 19/24 MP: 2/2
   575 | D:1      | Reached skill level 6 in Bows
  1160 | D:2      | Found a radiant altar of Vehumet.
  1409 | D:2      | Slain by a worm

Vault maps used:
D:1:      minmay_arrival_pointy, tso_metal_star
D:2:      kennysheep_the_goblin_king, vehumet_crystals, minmay_misc_feat_iff,
          nicolae_qazlal_general_emergency

Action                   || total
-------------------------++-------
Melee: Shortbow          ||    25
 Fire: Shortbow          ||    57
  Use: Scroll            ||     2
       Potion            ||     4
